TOP OF THE 1ST |
---|
Riverside Red Bulls batting - Pitching for Casper Ghosts : RHP Luis Castillo | Pitching: RHP Luis Castillo | | Batting: RHB Donovan James | 0-0: Ball 1-0: Called Strike 1-1: Fly out, F4 (Line Drive, 4) | Batting: LHB José Guillén | 0-0: Foul Ball, location: 2F 0-1: Fly out, F5 (Flyball, 5D) | Batting: RHB José García | 0-0: Ball 1-0: Fly out, F4 (Flyball, 4MD) | Top of the 1st over - 0 runs, 0 hits, 0 errors, 0 left on base; Riverside 0 - Casper 0 | BOTTOM OF THE 1ST |
---|
Casper Ghosts batting - Pitching for Riverside Red Bulls : LHP Alberto Pagán | Pitching: LHP Alberto Pagán | | Batting: RHB Troy Reed | 0-0: Ball 1-0: Foul Ball, location: 2F 1-1: Called Strike 1-2: Ball 2-2: Foul Ball, location: 2F 2-2: Strikes out looking | Batting: RHB Hunter Plunket | 0-0: Ball 1-0: Ball 2-0: Ball 3-0: Called Strike 3-1: SINGLE (Line Drive, 9LS) | Batting: RHB Paul Richard | 0-0: Ball 1-0: Foul Ball, location: 2F 1-1: Called Strike 1-2: Foul Ball, location: 2F 1-2: Foul Ball, location: 2F 1-2: Strikes out swinging | Batting: RHB Robert Acosta | 0-0: Called Strike 0-1: Ball 1-1: Ground out 5-3 (Groundball, 5S) | Bottom of the 1st over - 0 runs, 1 hit, 0 errors, 1 left on base; Riverside 0 - Casper 0 | TOP OF THE 2ND |
---|
Riverside Red Bulls batting - Pitching for Casper Ghosts : RHP Luis Castillo | Batting: RHB Ricardo Guzmán | 0-0: Ball 1-0: Foul Ball, location: 2F 1-1: Ground out 5-3 (Groundball, 56) | Batting: LHB Gabriel Estrada | 0-0: Called Strike 0-1: Ball 1-1: Swinging Strike 1-2: Strikes out swinging | Batting: RHB John Burton | 0-0: Ball 1-0: Called Strike 1-1: Ball 2-1: Fly out, F3 (Popup, 3SF) | Top of the 2nd over - 0 runs, 0 hits, 0 errors, 0 left on base; Riverside 0 - Casper 0 | BOTTOM OF THE 2ND |
---|
Casper Ghosts batting - Pitching for Riverside Red Bulls : LHP Alberto Pagán | Batting: LHB Luis Rodríguez | 0-0: Ball 1-0: Ground out 3-1 (Groundball, 34) | Batting: RHB Miguel Toro | 0-0: Ball 1-0: SINGLE (Groundball, 6M) (infield hit) | Batting: LHB Ramón Córdova | 0-0: Called Strike 0-1: Ball 1-1: Called Strike Miguel Toro steals 2nd base 1-2: SINGLE (Groundball, 6D) Miguel Toro to third Runner from 3rd tries for Home, SAFE, no throw | Batting: SHB José González | 0-0: Called Strike Ramón Córdova steals 2nd base 0-1: Called Strike 0-2: Ball 1-2: Strikes out swinging | Batting: LHB Ronald Gordon | 0-0: SINGLE (Groundball, 4D) Ramón Córdova to third Runner from 3rd tries for Home, throw and OUT! | Bottom of the 2nd over - 1 run, 3 hits, 0 errors, 1 left on base; Riverside 0 - Casper 1 | TOP OF THE 3RD |
---|
Riverside Red Bulls batting - Pitching for Casper Ghosts : RHP Luis Castillo | Batting: RHB Robert Stevens | 0-0: Called Strike 0-1: Ball 1-1: Ground out U3 (Groundball, 3S) | Batting: SHB Ángel Estrada | 0-0: Called Strike 0-1: Ball 1-1: Foul Ball, location: 2F 1-2: Ball 2-2: Strikes out swinging | Batting: RHB Juan Morales | 0-0: Foul Ball, location: 2F 0-1: Called Strike 0-2: Strikes out looking | Top of the 3rd over - 0 runs, 0 hits, 0 errors, 0 left on base; Riverside 0 - Casper 1 | BOTTOM OF THE 3RD |
---|
Casper Ghosts batting - Pitching for Riverside Red Bulls : LHP Alberto Pagán | Batting: RHB Troy Reed | 0-0: Called Strike 0-1: Fly out, F8 (Flyball, 8LM) | Batting: RHB Hunter Plunket | 0-0: Hit by Pitch | Batting: RHB Paul Richard | 0-0: Ball 1-0: Called Strike 1-1: Called Strike 1-2: Ball 2-2: Foul Ball, location: 2F 2-2: Ball 3-2: Reached via error on a dropped throw, E1 Hunter Plunket to second | Batting: RHB Robert Acosta | 0-0: Ball 1-0: DOUBLE (Flyball, 78D) Hunter Plunket scores Paul Richard to third Runner from 3rd tries for Home, SAFE, no throw | Batting: LHB Luis Rodríguez | 0-0: Ball 1-0: Fly out, F4 (Line Drive, 4) | Batting: RHB Miguel Toro | 0-0: Called Strike 0-1: Ground out 4-3 (Groundball, 4M) | Bottom of the 3rd over - 2 runs, 1 hit, 1 error, 1 left on base; Riverside 0 - Casper 3 | TOP OF THE 4TH |
---|
Riverside Red Bulls batting - Pitching for Casper Ghosts : RHP Luis Castillo | Batting: RHB Donovan James | 0-0: Called Strike 0-1: Ball 1-1: Called Strike 1-2: Foul Ball, location: 2F 1-2: Fly out, F8 (Flyball, 78M) | Batting: LHB José Guillén | 0-0: Fly out, F7 (Flyball, 7S) | Batting: RHB José García | 0-0: Called Strike 0-1: Fly out, F9 (Flyball, 89M) | Top of the 4th over - 0 runs, 0 hits, 0 errors, 0 left on base; Riverside 0 - Casper 3 | BOTTOM OF THE 4TH |
---|
Casper Ghosts batting - Pitching for Riverside Red Bulls : LHP Alberto Pagán | Batting: LHB Ramón Córdova | 0-0: Foul Ball, location: 2F 0-1: Ball 1-1: Ball 2-1: Ball 3-1: Fly out, F8 (Flyball, 8LM) | Batting: SHB José González | 0-0: Ball 1-0: Ground out 4-3 (Groundball, 34D) | Batting: LHB Ronald Gordon | 0-0: Ball 1-0: Called Strike 1-1: Foul Ball, location: 2F 1-2: Ball 2-2: Ball 3-2: Foul Ball, location: 2F 3-2: Strikes out looking | Bottom of the 4th over - 0 runs, 0 hits, 0 errors, 0 left on base; Riverside 0 - Casper 3 | TOP OF THE 5TH |
---|
Riverside Red Bulls batting - Pitching for Casper Ghosts : RHP Luis Castillo | Batting: RHB Ricardo Guzmán | 0-0: Called Strike 0-1: Called Strike 0-2: Ball 1-2: SINGLE (Line Drive, 7S) | Batting: LHB Gabriel Estrada | 0-0: Ball 1-0: Ball 2-0: Ball 3-0: Called Strike 3-1: Base on Balls Ricardo Guzmán to second | Batting: RHB John Burton | 0-0: Ball 1-0: Ball 2-0: Ball 3-0: Called Strike 3-1: Called Strike 3-2: Foul Ball, location: 2F 3-2: Foul Ball, location: 2F 3-2: Base on Balls Ricardo Guzmán to third Gabriel Estrada to second | Batting: RHB Robert Stevens | 0-0: Ball 1-0: Ball 2-0: Swinging Strike 2-1: Ball 3-1: Ground out 6-3 (Groundball, 6S) Ricardo Guzmán scores Gabriel Estrada to third John Burton to second | Batting: SHB Ángel Estrada | 0-0: DOUBLE (Line Drive, 78D) Gabriel Estrada scores John Burton scores | Batting: RHB Juan Morales | 0-0: Called Strike Ángel Estrada steals 3rd base 0-1: Called Strike 0-2: Ball 1-2: Ground out 5-3 (Groundball, 56) Ángel Estrada scores | Batting: RHB Donovan James | 0-0: Swinging Strike 0-1: Called Strike 0-2: Ball 1-2: Ball 2-2: Fly out, F9 (Flyball, 89D) | Top of the 5th over - 4 runs, 2 hits, 0 errors, 0 left on base; Riverside 4 - Casper 3 | BOTTOM OF THE 5TH |
---|
Casper Ghosts batting - Pitching for Riverside Red Bulls : LHP Alberto Pagán | Batting: RHB Troy Reed | 0-0: Ball 1-0: Foul Ball, location: 2F 1-1: Ball 2-1: Called Strike 2-2: Ball 3-2: DOUBLE (Line Drive, 7LD) | Batting: RHB Hunter Plunket | 0-0: Ball 1-0: Called Strike 1-1: Foul Ball, location: 2F 1-2: SINGLE (Flyball, 78S) Troy Reed to third | Batting: RHB Paul Richard | 0-0: Called Strike Hunter Plunket is caught stealing 2nd base 0-1: Ground out 5-3 (Groundball, 5L) | Batting: RHB Robert Acosta | 0-0: Called Strike 0-1: Ball 1-1: Ball 2-1: Ball 3-1: Foul Ball, location: 2F 3-2: Base on Balls | Batting: LHB Luis Rodríguez | 0-0: Foul Ball, location: 2F 0-1: Foul Ball, location: 2F 0-2: Ball 1-2: Strikes out swinging | Bottom of the 5th over - 0 runs, 2 hits, 0 errors, 2 left on base; Riverside 4 - Casper 3 | TOP OF THE 6TH |
---|
Riverside Red Bulls batting - Pitching for Casper Ghosts : RHP Luis Castillo | Batting: LHB José Guillén | 0-0: Ball 1-0: Swinging Strike 1-1: Ball 2-1: Called Strike 2-2: Ball 3-2: Strikes out swinging | Batting: RHB José García | 0-0: Ball 1-0: SINGLE (Groundball, 25) (infield hit) | Batting: RHB Ricardo Guzmán | 0-0: Called Strike José García steals 2nd base 0-1: Ball 1-1: Intentional Walk | Batting: LHB Gabriel Estrada | 0-0: Called Strike José García steals 3rd base 0-1: Called Strike 0-2: Ball 1-2: Ground out 5-3 (Groundball, 6MS) Ricardo Guzmán to second | Batting: RHB John Burton | 0-0: Ball 1-0: Swinging Strike 1-1: Called Strike 1-2: Ball 2-2: Ball 3-2: Strikes out looking | Top of the 6th over - 0 runs, 1 hit, 0 errors, 2 left on base; Riverside 4 - Casper 3 | BOTTOM OF THE 6TH |
---|
Casper Ghosts batting - Pitching for Riverside Red Bulls : LHP Alberto Pagán | Pitching: RHP Juan Herrera | | Batting: RHB Miguel Toro | 0-0: Ball 1-0: Ball 2-0: Ball 3-0: Base on Balls | Batting: LHB Ramón Córdova | 0-0: Ball 1-0: Ball 2-0: Called Strike 2-1: Foul Ball, location: 2F 2-2: DOUBLE (Line Drive, 78D) Miguel Toro to third Runner from 3rd tries for Home, SAFE, no throw | Batting: SHB José González | 0-0: Ball 1-0: Ball 2-0: Called Strike 2-1: Ball 3-1: Foul Ball, location: 2F 3-2: Foul Ball, location: 2F 3-2: Base on Balls | Batting: LHB Ronald Gordon | 0-0: Foul Ball, location: 2F 0-1: Ball 1-1: Swinging Strike 1-2: Fly out, F6 (Line Drive, 6M) | Batting: RHB Troy Reed | 0-0: Swinging Strike 0-1: Ball 1-1: Ball 2-1: Called Strike 2-2: Ground out 5-3 (Groundball, 5) Ramón Córdova to third José González to second | Batting: RHB Hunter Plunket | 0-0: Foul Ball, location: 2F 0-1: Ball 1-1: Ball 2-1: Foul Ball, location: 2F 2-2: Strikes out looking | Bottom of the 6th over - 1 run, 1 hit, 0 errors, 2 left on base; Riverside 4 - Casper 4 | TOP OF THE 7TH |
---|
Riverside Red Bulls batting - Pitching for Casper Ghosts : RHP Luis Castillo | Batting: RHB Robert Stevens | 0-0: Ball 1-0: Called Strike 1-1: DOUBLE (Line Drive, 78D) | Batting: SHB Ángel Estrada | 0-0: Ground out 5-3 (Groundball, 2L) Robert Stevens to third | Pinch Hitting: RHB Luis Bustamante | 0-0: Intentional Walk | Batting: RHB Donovan James | 0-0: Called Strike 0-1: Ball 1-1: Fielders Choice at 2nd, 6-4 (Groundball, 6) Robert Stevens scores | Batting: LHB José Guillén | Pickoff Throw to First - Error! E1 Donovan James to second 0-0: Ball 1-0: Called Strike 1-1: Ball 2-1: Ball 3-1: Foul Ball, location: 2F 3-2: Strikes out swinging | Top of the 7th over - 1 run, 1 hit, 1 error, 1 left on base; Riverside 5 - Casper 4 | BOTTOM OF THE 7TH |
---|
Casper Ghosts batting - Pitching for Riverside Red Bulls : RHP Juan Herrera | Now at 2B: Luis Flores | | Batting: RHB Paul Richard | 0-0: Foul Ball, location: 2F 0-1: Ball 1-1: Ball 2-1: Ball 3-1: SINGLE (Line Drive, 5D) | Batting: RHB Robert Acosta | 0-0: Ball 1-0: SINGLE (Line Drive, 7LS) Paul Richard to second | Batting: LHB Luis Rodríguez | 0-0: Foul Ball, location: 2F 0-1: Ball 1-1: Fly out, F5 (Popup, 15S) | Batting: RHB Miguel Toro | 0-0: Ball 1-0: Ball 2-0: Called Strike 2-1: Called Strike 2-2: Ball 3-2: Base on Balls Paul Richard to third Robert Acosta to second | Pitching: LHP Pepe Gómez | | Batting: LHB Ramón Córdova | 0-0: Ball 1-0: Fly out, F7 (Flyball, 7S) | Batting: SHB José González | 0-0: Ball 1-0: Ball 2-0: Foul Ball, location: 2F 2-1: Foul Ball, location: 2F 2-2: Foul Ball, location: 2F 2-2: Fielders Choice at 2nd, 6-4 (Groundball, 6) | Bottom of the 7th over - 0 runs, 2 hits, 0 errors, 3 left on base; Riverside 5 - Casper 4 | TOP OF THE 8TH |
---|
Riverside Red Bulls batting - Pitching for Casper Ghosts : RHP Luis Castillo | Pitching: RHP Valentín Mejía | | Batting: RHB José García | 0-0: Ball 1-0: Ball 2-0: Ball 3-0: Called Strike 3-1: Hit by Pitch | Batting: RHB Ricardo Guzmán | 0-0: Ball 1-0: Ball 2-0: Ball 3-0: Base on Balls José García to second | Batting: LHB Gabriel Estrada | 0-0: Swinging Strike 0-1: Foul Ball, location: 2F 0-2: Strikes out swinging | Batting: RHB John Burton | 0-0: Called Strike 0-1: Ball 1-1: Ball 2-1: Foul Ball, location: 2F 2-2: Foul Ball, location: 2F 2-2: Strikes out looking | Batting: RHB Robert Stevens | 0-0: Ball 1-0: Foul Ball, location: 2F 1-1: Foul Ball, location: 2F 1-2: Ball 2-2: Strikes out swinging | Top of the 8th over - 0 runs, 0 hits, 0 errors, 2 left on base; Riverside 5 - Casper 4 | BOTTOM OF THE 8TH |
---|
Casper Ghosts batting - Pitching for Riverside Red Bulls : LHP Pepe Gómez | Now at SS: Carlos Ramírez | | Batting: LHB Ronald Gordon | 0-0: Ball 1-0: Foul Ball, location: 2F 1-1: Ball 2-1: Foul Ball, location: 2F 2-2: Ball 3-2: Fly out, F8 (Flyball, 8RM) | Batting: RHB Troy Reed | 0-0: Ball 1-0: Ground out 4-3 (Groundball, 34) | Batting: RHB Hunter Plunket | 0-0: Foul Ball, location: 2F 0-1: Ball 1-1: SINGLE (Line Drive, 7S) | Pitching: RHP Shawn Montoya | | Batting: RHB Paul Richard | 0-0: Ball 1-0: Foul Ball, location: 2F 1-1: Called Strike 1-2: Ball 2-2: Foul Ball, location: 2F 2-2: Strikes out looking | Bottom of the 8th over - 0 runs, 1 hit, 0 errors, 1 left on base; Riverside 5 - Casper 4 | TOP OF THE 9TH |
---|
Riverside Red Bulls batting - Pitching for Casper Ghosts : RHP Valentín Mejía | Batting: SHB Ángel Estrada | 0-0: Ball 1-0: Swinging Strike 1-1: Ball 2-1: SINGLE (Groundball, 5S) (infield hit) | Batting: RHB Luis Flores | 0-0: Bunted foul 0-1: Ball 1-1: Bunt missed! 1-2: Ball 2-2: Foul Ball, location: 2F 2-2: Foul Ball, location: 2F 2-2: Strikes out swinging | Batting: RHB Donovan James | 0-0: Ball 1-0: Swinging Strike 1-1: Foul Ball, location: 2F 1-2: Strikes out swinging | Batting: LHB José Guillén | 0-0: Ball 1-0: Called Strike 1-1: Called Strike 1-2: Fly out, F4 (Line Drive, 34) | Top of the 9th over - 0 runs, 1 hit, 0 errors, 1 left on base; Riverside 5 - Casper 4 | BOTTOM OF THE 9TH |
---|
Casper Ghosts batting - Pitching for Riverside Red Bulls : RHP Shawn Montoya | Pitching: RHP Ricardo López | | Batting: RHB Robert Acosta | 0-0: Swinging Strike 0-1: Foul Ball, location: 2F 0-2: Ball 1-2: Strikes out swinging | Batting: LHB Luis Rodríguez | 0-0: Ball 1-0: Foul Ball, location: 2F 1-1: Foul Ball, location: 2F 1-2: Foul Ball, location: 2F 1-2: Foul Ball, location: 2F 1-2: Ball 2-2: Strikes out swinging | Pinch Hitting: RHB Mark Arnold | 0-0: Ball 1-0: Swinging Strike 1-1: Ball 2-1: Ball 3-1: Base on Balls | Batting: LHB Ramón Córdova | 0-0: Ball 1-0: Ball 2-0: Called Strike 2-1: Ball 3-1: Foul Ball, location: 2F 3-2: Fly out, F8 (Flyball, 78M) | Bottom of the 9th over - 0 runs, 0 hits, 0 errors, 1 left on base; Riverside 5 - Casper 4 | |